 Dungeon Crawl Stone Soup version 0.27-a0-1200-g94dc6ad4cf (webtiles) character file.

Game seed: 5426732931251320052

648 streetpizza the Chucker (level 7, -6/67 HPs)
             Began as a Troll Hunter on June 1, 2021.
             Was an Initiate of Gozag.
             Mangled by a yak (16 damage)
             ... on level 5 of the Dungeon.
             The game lasted 00:09:14 (3583 turns).

streetpizza the Chucker (Troll Hunter)              Turns: 3583, Time: 00:09:14

Health: -6/67      AC:  4    Str: 21    XL:     7   Next: 27%
Magic:  6/6        EV: 10    Int:  7    God:    Gozag
Gold:   179        SH:  0    Dex: 12    Spells: 6/6 levels left

rFire    + . .     SeeInvis .     - Unarmed
rCold    + . .     Faith    .   (no shield)
rNeg     . . .     Spirit   .   q - +0 robe {rC+ rF+}
rPois    .         Reflect  .   (helmet restricted)
rElec    .         Harm     .   (no cloak)
rCorr    .         Rampage  .   (gloves unavailable)
Will     .....                  (boots unavailable)
Stlth    +.........             (no amulet)
HPRegen  1.21/turn              m - +4 ring of slaying
MPRegen  0.10/turn              (no ring)

@: gold aura, hasted, very quick
A: large, unfitting armour, claws 3, regeneration 1, shaggy fur 1, tough skin 1
a: Renounce Religion, Potion Petition, Call Merchant, Bribe Branch


You were on level 5 of the Dungeon.
You worshipped Gozag.
Gozag was aware of your devotion.
You visited 2 branches of the dungeon, and saw 6 of its levels.

You collected 539 gold pieces.
You spent 60 gold pieces at shops.
You paid 300 gold pieces to Gozag.

Inventory:

Missiles
 c - 5 large rocks
 d - 2 throwing nets
 e - 7 poisoned darts (quivered)
 s - 4 curare-tipped darts
Armour
 q - a +0 robe of resistance (worn)
Jewellery
 m - a +4 ring of slaying (left claw)
 v - a ring of magical power
Scrolls
 a - a scroll of silence {unknown}
 f - 3 scrolls of identify {unknown}
 h - 3 scrolls of teleportation {unknown}
 j - 3 scrolls of enchant weapon {unknown}
 k - a scroll of immolation {unknown}
 p - a scroll of enchant armour {unknown}
Potions
 b - 2 potions of lignification {unknown}
 g - 3 potions of curing {unknown}
 i - 2 potions of heal wounds
 l - 2 potions of berserk rage {unknown}
 n - a potion of haste {unknown}
 o - a potion of ambrosia {unknown}
 r - a potion of cancellation {unknown}
 t - a potion of brilliance {unknown}
 u - a potion of degeneration {unknown}


   Skills:
 + Level 3.6 Fighting
 + Level 5.0 Throwing
 + Level 3.6 Dodging
 - Level 0.3 Stealth
 + Level 3.7 Unarmed Combat


You had 6 spell levels left.
You didn't know any spells.
Your spell library contained the following spells:

 Spells                   Type           Power      Damage    Failure   Level
 Magic Dart               Conj           0%         1d3       43%         1
 Blink                    Tloc           N/A        N/A       56%         2
 Call Imp                 Summ           0%         N/A       56%         2
 Slow                     Hex            0%         N/A       56%         2
 Conjure Flame            Conj/Fire      0%         6-21      80%         3
 Mephitic Cloud           Conj/Pois/Air  0%         N/A       80%         3


Dungeon Overview and Level Annotations

Branches:
Dungeon (5/15)             Temple (1/1) D:5

Altars:
Ashenzari
Dithmenos
Elyvilon
Fedhas
Gozag
Hepliaklqana
Kikubaaqudgha
Makhleb
Okawaru
Ru
Sif Muna
Trog
Uskayaw
Vehumet
Wu Jian
Xom
Zin
The Shining One

Shops:
D:1 !


Innate Abilities, Weirdness & Mutations

You are too large for most types of armour.
You have claws for hands.
Your natural rate of healing is unusually fast.
You are covered in fur. (AC +1)
You have tough skin. (AC +1)


Message History

You scratch the yak.
The yak is severely wounded.
The yak closely misses you.
You claw the yak!
You kill the yak!
Your Throwing skill increases to level 5!
You have reached level 7!
You claw the yak!
The yak is lightly wounded.
The yak gores you.
You scratch the yak.
The yak is moderately wounded.
The yak gores you!
You barely miss the yak.
The yak is moderately wounded.
The yak gores you!
* * * LOW HITPOINT WARNING * * *
You claw the yak!
The yak is heavily wounded.
The yak gores you!
* * * LOW HITPOINT WARNING * * *
Unknown command. [a] - 200 gold - heal wounds and curing [b] - 230 gold - resistance [c] - 300 gold - haste and heal wounds Purchase which effect?
You no longer have enough gold to petition Gozag for potion effects.
You feel yourself speed up.
You feel much better. The yak gores you!
* * * LOW HITPOINT WARNING * * *
You closely miss the yak.
The yak is heavily wounded.
You scratch the yak.
The yak is heavily wounded.
The yak gores you!
* * * LOW HITPOINT WARNING * * *
You completely miss the yak.
The yak is heavily wounded.
The yak gores you!
You die...
Your body crumbles into a pile of gold.

#########
#.......################
..#####.................
##...########.##.###
#.....# #.##.### ##...##
#.#...## ##.## #......#
#.# #.#...## #@#
#.##..## #Y# ##.###.##


YYY #........ ..... #.####.## ....... ####'####.# .........#.......#.#
+.........#..)....#.. #.........#.)###..#.# #..# #..#.. You could see 4 yaks.

Vanquished Creatures
  A yak (D:5)
  A black bear (D:4)
  A necrophage (D:5)
  A scorpion (D:5)
  An orc priest (D:4)
  2 bullfrog skeletons
  A hound skeleton (D:4)
  5 adders
  An adder skeleton (D:4)
  2 worms
  A dart slug (D:2)
  15 orcs
  6 ball pythons
  8 bats
  3 endoplasms
  6 giant cockroaches
  7 goblins
  6 hobgoblins
  8 jackals
  4 quokkas
  2 frilled lizards (D:1)
  9 kobolds
  A quokka skeleton (D:4)
  5 rats
97 creatures vanquished.

Vanquished Creatures (others)
  7 plants (D:2)
  10 withered plants (D:2)
17 creatures vanquished.

Grand Total: 114 creatures vanquished

Notes
Turn   | Place    | Note
-------+----------+-------------------------------------------
     0 | D:1      | streetpizza the Troll Hunter began the quest for the Orb.
     0 | D:1      | Reached XP level 1. HP: 19/19 MP: 0/0
   119 | D:1      | Reached XP level 2. HP: 28/28 MP: 1/1
   267 | D:1      | Reached skill level 1 in Unarmed Combat
   458 | D:1      | Found Tixtoeg's Distillery.
   463 | D:1      | Bought a potion of heal wounds for 60 gold pieces
   878 | D:2      | Reached XP level 3. HP: 35/35 MP: 2/2
  1143 | D:2      | Found a faded altar of an unknown god.
  1176 | D:2      | Became a worshipper of Gozag Ym Sagoz the Greedy
  1788 | D:3      | Reached XP level 4. HP: 33/42 MP: 3/3
  2280 | D:3      | Found a shadowy altar of Dithmenos.
  2381 | D:3      | Reached skill level 4 in Throwing
  2639 | D:4      | Reached XP level 5. HP: 41/50 MP: 4/4
  2811 | D:4      | Noticed a black bear
  2820 | D:4      | Killed a black bear
  2821 | D:4      | Reached XP level 6. HP: 37/61 MP: 5/5
  2923 | D:4      | Found an iron altar of Okawaru.
  2923 | D:4      | Found a shimmering blue altar of Sif Muna.
  2923 | D:4      | Found a glowing silver altar of Zin.
  2923 | D:4      | Found a bloodstained altar of Trog.
  3177 | D:5      | Entered Level 5 of the Dungeon
  3177 | D:5      | Found a staircase to the Ecumenical Temple.
  3185 | Temple   | Entered the Ecumenical Temple
  3567 | D:5      | Noticed a yak
  3567 | D:5      | Noticed a yak
  3567 | D:5      | Noticed a yak
  3567 | D:5      | Noticed a yak
  3567 | D:5      | Noticed a yak
  3575 | D:5      | Killed a yak
  3576 | D:5      | Reached skill level 5 in Throwing
  3576 | D:5      | Reached XP level 7. HP: 38/67 MP: 6/6
  3583 | D:5      | Mangled by a yak

Illustrated notes

Levels and vault maps discovered:
D:1:      psy_arrival_spokes, layout_loops_ring, serial_shops, shop,
          minmay_pentomino_o2
D:2:      layout_loops_corners, shapermc_ecumenical_altar_flowoftime
D:3:      layout_basic, grunt_dithmenos_smoke_and_mirrors
D:4:      layout_basic, chequers_temple_overflow_statue_of_worship,
          kennysheep_generic_room_14
D:5:      layout_loops_corners, temple_statues, kennysheep_generic_room_11
Temple:   nicolae_temple_x_marks_the_god

Skill      XL: |  1  2  3  4  5  6 |
---------------+-------------------+-----
Unarmed Combat | 1 2 3 |  3.7
Fighting       | 2 3 |  3.6
Dodging        | 2 3 |  3.6
Throwing       | 4 5 |  5.0
Stealth        | |  0.3

Action                   |  1- 3 |  4- 6 |  7- 9 || total
-------------------------+-------+-------+-------++-------
Melee: Unarmed           |   172 |   122 |     7 ||   301
       Punch             |     1 |       |       ||     1
Invok: Potion Petition   |       |       |     1 ||     1
 Stab: Sleeping          |     2 |       |       ||     2
Armor: Robe              |    60 |    26 |       ||    86
Dodge: Dodged            |    88 |    61 |       ||   149

Table legend: (Time is in decaauts)
 A = Elapsed time spent in this place.
 B = Non-inter-level travel time spent in this place.
 C = Inter-level travel time spent in this place.
 D = Time resting spent in this place.
 E = Time spent auto-exploring this place.
 F = Levels seen in this place.
 G = Mean time per level.
                   A        B        C        D        E       F      G
               +--------+--------+--------+--------+--------+-----+--------+
         Total |   3577 |   3459 |    118 |      0 |   2708 |   6 |  596.2 |
       Dungeon |   3516 |   3404 |    112 |      0 |   2655 |   5 |  703.2 |
        Temple |     60 |     54 |      6 |      0 |     53 |   1 |   60.0 |
               +--------+--------+--------+--------+--------+-----+--------+

Top non-repeatable levels by time:
     D:3: 986 daAuts
     D:2: 871 daAuts
     D:1: 675 daAuts
     D:4: 641 daAuts
     D:5: 342 daAuts
  Temple: 60 daAuts
